 Dungeon Crawl Stone Soup version 0.28-a0-674-gdaf460b524 (webtiles) character file.

Game seed: 4640815569328433214

2093 cheechan the Covert (level 9, -1/62 HPs)
             Began as an Octopode Berserker on Oct 15, 2021.
             Was a Priest of Trog.
             Slain by a gnoll (7 damage)
             ... on level 6 of the Dungeon on Oct 17, 2021.
             The game lasted 00:25:10 (8732 turns).

cheechan the Covert (Octopode Berserker)            Turns: 8732, Time: 00:25:11

Health: -1/62      AC:  1    Str: 16    XL:     9   Next: 27%
Magic:  9/9        EV: 15    Int: 10    God:    Trog [***...]
Gold:   112        SH:  0    Dex: 14    Spells: 8/8 levels left

rFire   + . .      SeeInvis +   w - +2 flail (holy)
rCold   . . .      Faith    +   (no shield)
rNeg    . . .      Spirit   .   (helmet restricted)
rPois   .          Reflect  .   g - amulet of faith
rElec   .          Harm     .   c - ring of see invisible
rCorr   .          Rampage  .   x - ring of protection from fire
Will    ++...                   (no ring)
Stlth   +++++.....              (no ring)
HPRegen 1.20/turn               (no ring)
MPRegen 0.11/turn               (no ring)
                                (no ring)
                                (no ring)

@: strong-willed, on berserk cooldown, regenerating, slowed, very slow
A: almost no armour, amphibious, 8 rings, camouflage 1, gelatinous body 1,
(nimble swimmer 1), tentacles
a: Renounce Religion, Berserk, Trog's Hand


You were on level 6 of the Dungeon.
You worshipped Trog.
Trog was most pleased with you.
You visited 1 branch of the dungeon, and saw 6 of its levels.

You collected 190 gold pieces.
You spent 78 gold pieces at shops.

Inventory:

Hand Weapons
 a - a +0 mace
 b - a +0 trident
 f - a +0 whip
 j - a +0 hand axe
 m - a +1 short sword of holy wrath
 t - a +0 lajatang
 w - a +2 flail of holy wrath (weapon)
Missiles
 e - 171 stones
 i - 3 boomerangs (quivered)
 o - 41 bolts
 q - 82 arrows
 r - 37 sling bullets
Jewellery
 c - a ring of see invisible (left tentacle)
 g - an amulet of faith (around mantle)
 x - a ring of protection from fire (right tentacle)
Wands
 v - a wand of digging (8)
Scrolls
 n - 2 scrolls of noise
 p - a scroll of amnesia
 u - 2 scrolls of identify
Potions
 d - 2 potions of ambrosia
 h - 2 potions of attraction
 k - 3 potions of heal wounds
 s - a potion of berserk rage


   Skills:
 + Level 5.7 Fighting
 + Level 7.6 Maces & Flails
 + Level 0.6 Throwing
 + Level 5.9 Dodging
 + Level 9.1 Stealth


You had 8 spell levels left.
You didn't know any spells.
Your spell library was empty.

Dungeon Overview and Level Annotations

Branches:
Dungeon (6/15)             Temple (0/1) D:5

Altars:

Shops:
D:2 ?   D:4 **


Innate Abilities, Weirdness & Mutations

You cannot wear most types of armour.
You are amphibious.
You can wear up to eight rings at the same time.
Your skin changes colour to match your surroundings (Stealth+).
Your rubbery body absorbs attacks. (AC +1, EV +1)
((You are camouflaged near water. (Stealth+)))
You have tentacles for arms and can constrict up to eight enemies at once.


Message History

The gnoll sergeant closely misses you. The gnoll barely misses you.
The gnoll sergeant barely misses you.
You thump the gnoll! You squeeze the gnoll.
You kill the gnoll!
Trog accepts your kill. The gnoll sergeant closely misses you.
The gnoll hits you with a +0 club!
You hit the gnoll. You grab the gnoll.
The gnoll is moderately wounded.
You constrict the gnoll. The gnoll sergeant closely misses you.
The gnoll escapes!
The gnoll sergeant barely misses you. The gnoll hits you but does no damage.
The gnoll sergeant barely misses you. The gnoll closely misses you.
You hit the gnoll sergeant. The gnoll sergeant blocks your attack.
The gnoll sergeant is moderately wounded.
The gnoll sergeant hits you with a +1 spear of distortion!
Space bends around you.
* * * LOW HITPOINT WARNING * * *
The gnoll barely misses you. The gnoll sergeant closely misses you.
The gnoll barely misses you.
You hit the gnoll sergeant. You grab the gnoll sergeant.
You squeeze the gnoll sergeant.
The gnoll sergeant is severely wounded.
You constrict the gnoll sergeant. The gnoll sergeant barely misses you.
The gnoll misses you.
You hit the gnoll sergeant but do no damage.
The gnoll sergeant blocks your attack.
The gnoll sergeant is severely wounded.
You constrict the gnoll sergeant. The gnoll sergeant closely misses you.
The gnoll closely misses you. The gnoll sergeant closely misses you.
The gnoll hits you with a +0 club.
* * * LOW HITPOINT WARNING * * *
The gnoll sergeant blocks your attack.
The gnoll sergeant is almost dead.
You constrict the gnoll sergeant, but do no damage.
The gnoll sergeant hits you with a +1 spear of distortion.
* * * LOW HITPOINT WARNING * * *
Space bends around you.
* * * LOW HITPOINT WARNING * * *
The gnoll hits you with a +0 club!
You die...

##+##....# #...#....+
#...+....# +##
#..##...†#####....
#..###'#.).g......
#......#.g§....... ...
#......#.)........ ....
###'#####......#'##
...#####.....@g.......#
.
............g.........#
#...................#
#.......<............
#.....######....##+#..
#.....# #....+ #...†.#
+....# #.....# #....#
#.....#


You could see a gnoll sergeant and a gnoll.

Vanquished Creatures
  The ghost of FoghornLeghorn the Carver, a novice DrBe of Trog (D:5)
  The ghost of pokedragonboy the Skirmisher, a novice GrFi of Zin (D:5)
  3 water moccasins
  A sky beast (D:5)
  Purgy (D:3)
  2 ice beasts
  4 scorpions
  Blork the orc (D:6)
  A water moccasin zombie (D:5)
  A centaur zombie (D:5)
  A hound (D:5)
  A jelly (D:1)
  2 iguanas
  Ijyb (D:5)
  2 orc wizards (D:4)
  7 gnolls
  2 howler monkey skeletons (D:5)
  6 adders
  A white imp (D:5)
  3 worms
  3 dart slugs
  4 orcs
  6 ball pythons
  5 bats
  12 endoplasms
  5 giant cockroaches
  10 goblins
  5 hobgoblins
  6 jackals (D:1)
  9 kobolds
  3 quokkas
  2 frilled lizards (D:1)
  9 rats
121 creatures vanquished.

Vanquished Creatures (collateral kills)
  A jelly (D:4)
1 creature vanquished.

Grand Total: 122 creatures vanquished

Notes
Turn   | Place    | Note
-------+----------+-------------------------------------------
     0 | D:1      | cheechan the Octopode Berserker began the quest for the
                  | Orb.
     0 | D:1      | Reached XP level 1. HP: 16/16 MP: 1/1
     0 | D:1      | Noticed a jelly
     1 | D:1      | Found a runed translucent door.
   110 | D:1      | Reached XP level 2. HP: 14/21 MP: 2/2
   300 | D:1      | Found a faded altar of an unknown god.
   691 | D:1      | Reached skill level 1 in Stealth
   998 | D:1      | Reached XP level 3. HP: 22/26 MP: 3/3
  1692 | D:1      | Reached ** piety under Trog
  1694 | D:1      | Reached skill level 2 in Stealth
  1694 | D:1      | Reached XP level 4. HP: 32/32 MP: 4/4
  1980 | D:2      | Reached XP level 5. HP: 13/37 MP: 5/5
  2965 | D:2      | Found Giofed's Magic Scroll Shop.
  2987 | D:2      | Bought a scroll of identify for 26 gold pieces
  2987 | D:2      | Bought a scroll of identify for 26 gold pieces
  3108 | D:3      | Noticed Purgy
  3126 | D:3      | Killed Purgy
  3127 | D:3      | Reached skill level 3 in Stealth
  3127 | D:3      | Reached XP level 6. HP: 11/43 MP: 6/6
  3372 | D:3      | Noticed a water moccasin
  3378 | D:3      | Killed a water moccasin
  3379 | D:3      | Reached skill level 5 in Maces & Flails
  3379 | D:3      | Reached skill level 4 in Stealth
  4062 | D:3      | Noticed an ice beast
  4082 | D:3      | Killed an ice beast
  4083 | D:3      | Reached XP level 7. HP: 26/48 MP: 7/7
  4283 | D:4      | Upgraded the game from 0.28-a0-664-gc179e30c89 to
                  | 0.28-a0-674-gdaf460b524
  4311 | D:4      | Reached skill level 5 in Stealth
  4317 | D:4      | Reached *** piety under Trog
  4813 | D:4      | Found Okhanteo's General Store.
  4814 | D:4      | Found Vudum's Specific Store.
  4967 | D:4      | Bought a scroll of identify for 26 gold pieces
  5208 | D:4      | Reached skill level 6 in Stealth
  5677 | D:5      | Entered Level 5 of the Dungeon
  5741 | D:5      | Reached XP level 8. HP: 54/54 MP: 8/8
  5748 | D:5      | Reached skill level 5 in Dodging
  6521 | D:5      | Noticed Ijyb
  6532 | D:5      | Killed Ijyb
  6533 | D:5      | Reached skill level 7 in Stealth
  7338 | D:5      | Found a staircase to the Ecumenical Temple.
  7395 | D:5      | Identified the +1 ring mail "Hero's Friend" {rF+ Slay+2}
  7536 | D:5      | Found a runed translucent gate.
  7536 | D:5      | Found a runed translucent gate.
  7537 | D:5      | Found a runed translucent gate.
  7549 | D:5      | Noticed FoghornLeghorn's ghost (novice DrBe)
  7549 | D:5      | Noticed pokedragonboy's ghost (novice GrFi)
  7559 | D:5      | Killed FoghornLeghorn's ghost
  7560 | D:5      | Reached skill level 5 in Fighting
  7560 | D:5      | Reached skill level 8 in Stealth
  7565 | D:5      | Killed pokedragonboy's ghost
  7566 | D:5      | Reached XP level 9. HP: 39/61 MP: 9/9
  8676 | D:6      | Reached skill level 9 in Stealth
  8706 | D:6      | Noticed Blork the orc
  8717 | D:6      | Killed Blork the orc
  8720 | D:6      | HP: 3/62 [poisoned by a scorpion]
  8732 | D:6      | Slain by a gnoll

Illustrated notes

Levels and vault maps discovered:
D:1:      dpeg_arrival_caged_fury, layout_basic,
          hellmonk_ecumenical_altar_heavens_door, grunt_decor_fettered
D:2:      layout_basic, serial_shops, nicolae_shop_waterfront
D:3:      layout_rooms, uniq_purgy
D:4:      layout_loops_ring, nicolae_specific_store
D:5:      layout_loops_ring, minmay_temple_entry_statues_pillars,
          gammafunk_ghost_cemetery, kennysheep_generic_room_12, uniq_ijyb
D:6:      layout_gridville, uniq_blork_the_orc

Skill      XL: |  1  2  3  4  5  6  7  8  9 |
---------------+----------------------------+-----
Stealth        | 1 2 3 4 6 8 9 |  9.1
Maces & Flails | 4 5 6 7 |  7.6
Dodging        | 4 5 |  5.9
Fighting       | 4 5 |  5.7
Throwing       | |  0.6

Action                   |  1- 3 |  4- 6 |  7- 9 || total
-------------------------+-------+-------+-------++-------
Melee: Mace              |    29 |       |       ||    29
       Constrict         |    16 |    17 |    27 ||    60
       Whip              |    35 |   101 |   107 ||   243
       Tentacles         |    11 |    23 |    37 ||    71
       Flail             |       |       |    35 ||    35
Throw: Boomerang         |       |       |     6 ||     6
Invok: Berserk           |     2 |     1 |     7 ||    10
       Trog's Hand       |       |       |     1 ||     1
  Use: Scroll            |     2 |     3 |     8 ||    13
       Potion            |       |     1 |     2 ||     3
 Stab: Sleeping          |     2 |     5 |    11 ||    18
       Distracted        |       |       |     1 ||     1
Armor: Skin              |     4 |     9 |     5 ||    18
Dodge: Dodged            |    47 |    75 |    89 ||   211

Table legend: (Time is in decaauts)
 A = Elapsed time spent in this place.
 B = Non-inter-level travel time spent in this place.
 C = Inter-level travel time spent in this place.
 D = Time resting spent in this place.
 E = Time spent auto-exploring this place.
 F = Levels seen in this place.
 G = Mean time per level.
                   A        B        C        D        E       F      G
               +--------+--------+--------+--------+--------+-----+--------+
         Total |   8786 |   8786 |      0 |   4553 |      0 |   6 | 1464.3 |
       Dungeon |   8786 |   8786 |      0 |   4553 |      0 |   6 | 1464.3 |
               +--------+--------+--------+--------+--------+-----+--------+

Top non-repeatable levels by time:
     D:5: 3009 daAuts
     D:1: 1889 daAuts
     D:4: 1427 daAuts
     D:2: 1236 daAuts
     D:3: 1153 daAuts
     D:6: 69 daAuts
